 Dungeon Crawl Stone Soup version 0.30-a0-1164-ge08a67761e (webtiles) character file.

Game seed: 7902293536613938065

580524 greasedhog the Conqueror (level 27, -9/364 (373) HPs)
             Began as a Formicid Fighter on Apr 29, 2023.
             Was the Champion of Qazlal.
             Killed from afar by an orb of fire (25 damage)
             ... with a bolt of fire
             ... on level 5 of the Realm of Zot.
             The game lasted 02:43:41 (52927 turns).

greasedhog the Conqueror (Formicid Fighter)        Turns: 52927, Time: 02:43:42

HP:   -9/364 (373)  AC: 33    Str: 32    XL:     27
MP:   0/11          EV:  2    Int: 10    God:    Qazlal [******]
Gold: 4794          SH: 28    Dex: 16    Spells: 26/26 levels left

rFire   + + .        t - +1 glaive (antimagic)
rCold   + + +        T - +0 tower shield of Divine Compulsion {Regen+}
rNeg    . . .        H - melded +9 plate armour of Puto {rF++ Regen+ Dex+2}
rPois   +            (helmet unavailable)
rElec   +            V - melded +4 dragonskin cloak
rCorr   +            S - melded +2 pair of gloves {Str+3}
SInv    .            W - melded +0 pair of boots of Marbles {Int+3}
Will    ++...        A - amulet "Saxtaicw" {Spirit Fly rElec rC++ Str+3}
Stlth   +            J - ring "Derreck" {Fly rPois rCorr Dex+3 Slay+6}
HPRegen 1.60/turn    s - ring of Midsummer {rElec rPois rC+ rCorr Stlth+}
MPRegen 0.12/turn

%: repel missiles, guardian spirit
@: tree-form, resistant (expiring), protected from fire, lightly drained, unable
to read
A: stationary, stasis, torment immunity, boosted hp, permanent stasis, dig
shafts and tunnels, (antennae 3), four strong arms, low MP 1, screaming 1, weak
2, inability to read after injury 1
}: 3/15 runes: decaying, silver, gossamer
a: Renounce Religion, Upheaval, Elemental Force, Disaster Area


You were on level 5 of the Realm of Zot.
You worshipped Qazlal.
Qazlal was exalted by your worship.
You were a tree.
You visited 9 branches of the dungeon, and saw 45 of its levels.
You visited the Abyss 1 time.
You also visited: Sewer, Bailey and Ice Cave.

You collected 7945 gold pieces.
You spent 3151 gold pieces at shops.

Inventory:

Hand Weapons
 a - a +5 heavy bardiche
 r - a +1 demon trident of venom
 t - a +1 antimagic glaive (weapon)
Missiles
 f - 26 boomerangs (quivered)
 j - 3 throwing nets
 x - 11 curare-tipped darts
Armour
 H - the +9 plate armour of Puto (melded) {rF++ Regen+ Dex+2}
   (You bought it in a shop on level 11 of the Dungeon)

   Dex:       It affects your dexterity (+2).
   rF:        It greatly protects you from fire.
   Regen:     It increases your rate of health regeneration.
 S - a +2 pair of gloves of strength (melded)
 T - the +0 tower shield of Divine Compulsion (worn) {Regen+}
   (You found it on level 4 of the Lair of Beasts)

   Regen:     It increases your rate of health regeneration.
 V - the +4 dragonskin cloak (melded)
   (You took it off Tiamat on level 3 of the Realm of Zot)

   Avatar's Aegis: It grants the wearer a chance to resist fire, cold, poison,
   electricity, acid, and negative energy.
 W - the +0 pair of boots of Marbles (melded) {Int+3}
   (You found it on level 2 of the Vaults)

   Int:       It affects your intelligence (+3).
Jewellery
 o - an amulet of regeneration
 q - a ring of willpower
 s - the ring of Midsummer (right branch) {rElec rPois rC+ rCorr Stlth+}
   (You bought it in a shop on level 3 of the Depths)

   [ring of protection from cold]

   rC:        It protects you from cold.
   rElec:     It insulates you from electricity.
   rPois:     It protects you from poison.
   rCorr:     It protects you from acid and corrosion.
   Stlth:     It makes you more stealthy.
 A - the amulet "Saxtaicw" (around neck) {Spirit Fly rElec rC++ Str+3}
   (You acquired it on level 3 of the Realm of Zot)

   [amulet of guardian spirit]

   It causes incoming damage to be divided between your reserves of health and
   magic.
   Str:       It affects your strength (+3).
   rC:        It greatly protects you from cold.
   rElec:     It insulates you from electricity.
   Fly:       It grants you flight.
 J - the ring "Derreck" (left branch) {Fly rPois rCorr Dex+3 Slay+6}
   (You found it on level 5 of the Vaults)

   [ring of resist corrosion]

   Dex:       It affects your dexterity (+3).
   Slay:      It affects your accuracy & damage with ranged weapons and melee
   (+6).
   rPois:     It protects you from poison.
   Fly:       It grants you flight.
   rCorr:     It protects you from acid and corrosion.
 L - a ring of flight
 U - the amulet of Tepne {Reflect rPois rC- Dex+6 SH+5}
   (You acquired it on level 4 of the Vaults)

   [amulet of reflection]

   It reflects blocked missile attacks.
   Dex:       It affects your dexterity (+6).
   rC:        It makes you vulnerable to cold.
   rPois:     It protects you from poison.
   SH:        It affects your SH (+5).
 X - a ring of protection from fire
Wands
 g - a wand of acid (34)
 w - a wand of flame (101)
 B - a wand of paralysis (65)
 D - a wand of roots (39)
 N - a wand of mindburst (37)
 P - a wand of polymorph (17)
 Y - a wand of digging (12)
Scrolls
 e - 5 scrolls of magic mapping
 l - 2 scrolls of brand weapon
 v - 7 scrolls of amnesia
 y - 7 scrolls of fear
 z - 3 scrolls of fog
 G - 6 scrolls of enchant armour
 I - 6 scrolls of immolation
 O - 23 scrolls of identify
 Q - 3 scrolls of poison
 R - a scroll of silence
Potions
 b - 3 potions of magic
 d - 4 potions of might
 h - 9 potions of attraction
 i - a potion of resistance
 k - 12 potions of mutation
 m - 11 potions of curing
 n - 3 potions of cancellation
 p - 8 potions of lignification
 u - 3 potions of ambrosia
 K - 6 potions of brilliance
 M - 7 potions of flight
Miscellaneous
 F - a lightning rod (4/4)


   Skills:
 O Level 27 Fighting
 - Level 24.2 Polearms
 * Level 26.7 Armour
 - Level 16.0 Shields
 + Level 23.0 Invocations


You had 26 spell levels left.
You didn't know any spells.
Your spell library contained the following spells:

 Spells                   Type           Power      Damage    Failure   Level
 Apportation              Tloc           0%         N/A       56%         1
 Freeze                   Ice            0%         1d3       56%         1
 Kiss of Death            Conj/Necr      0%         2d5       56%         1
 Magic Dart               Conj           0%         1d3       56%         1
 Necrotise                Necr           0%         1d4       56%         1
 Sandblast                Erth           0%         2d4       56%         1
 Shock                    Conj/Air       0%         1d3       56%         1
 Sting                    Tmut/Pois      0%         1d3       56%         1
 Summon Small Mammal      Summ           0%         N/A       56%         1
 Ensorcelled Hibernation  Hex/Ice        0%         N/A       71%         2
 Poisonous Vapours        Pois/Air       0%         N/A       71%         2
 Searing Ray              Conj           0%         2d4       71%         2
 Sublimation of Blood     Necr           0%         N/A       71%         2
 Wereblood                Tmut           0%         N/A       71%         2
 Call Canine Familiar     Summ           0%         N/A       91%         3
 Confusing Touch          Hex            0%         N/A       91%         3
 Dazzling Flash           Conj/Hex       0%         N/A       91%         3
 Frozen Ramparts          Ice            0%         1d1       91%         3
 Gell's Gravitas          Tloc           0%         N/A       91%         3
 Hailstorm                Conj/Ice       0%         3d3       91%         3
 Inner Flame              Hex/Fire       0%         N/A       91%         3
 Ozocubu's Armour         Ice            0%         N/A       91%         3
 Portal Projectile        Hex/Tloc       0%         N/A       91%         3
 Spider Form              Tmut/Pois      0%         N/A       91%         3
 Summon Guardian Golem    Hex/Summ       0%         N/A       91%         3
 Teleport Other           Tloc           0%         N/A       91%         3
 Tukima's Dance           Hex            0%         N/A       91%         3
 Vampiric Draining        Necr           0%         2d6       91%         3
 Volatile Blastmotes      Fire/Tloc      0%         2d10      91%         3
 Airstrike                Air            0%         2d(0-16)  100%        4
 Anguish                  Hex/Necr       0%         N/A       100%        4
 Animate Armour           Summ/Erth      0%         N/A       100%        4
 Cause Fear               Hex            0%         N/A       100%        4
 Dispel Undead            Necr           0%         3d6       100%        4
 Fulminant Prism          Conj/Hex       0%         3d5       100%        4
 Ice Form                 Ice/Tmut       0%         N/A       100%        4
 Iskenderun's Mystic Bla  Conj/Tloc      0%         2d3       100%        4
 Leda's Liquefaction      Hex/Erth       0%         N/A       100%        4
 Olgreb's Toxic Radiance  Pois           0%         N/A       100%        4
 Passage of Golubria      Tloc           0%         N/A       100%        4
 Petrify                  Tmut/Erth      0%         N/A       100%        4
 Sticky Flame             Conj/Fire      0%         2d3       100%        4
 Summon Ice Beast         Ice/Summ       0%         N/A       100%        4
 Summon Lightning Spire   Summ/Air       0%         N/A       100%        4
 Agony                    Necr           0%         N/A       100%        5
 Alistair's Intoxication  Tmut/Pois      0%         N/A       100%        5
 Arcjolt                  Conj/Air       0%         1d10      100%        5
 Blade Hands              Tmut           0%         N/A       100%        5
 Borgnjor's Vile Clutch   Necr/Erth      0%         N/A       100%        5
 Metabolic Englaciation   Hex/Ice        0%         N/A       100%        5
 Summon Forest            Summ/Tloc      0%         N/A       100%        5
 Summon Mana Viper        Hex/Summ       0%         N/A       100%        5
 Yara's Violent Unravell  Hex/Tmut       0%         3d3       100%        5
 Conjure Ball Lightning   Conj/Air       0%         3x3d6     100%        6
 Dispersal                Tloc           0%         N/A       100%        6
 Eringya's Noxious Bog    Tmut/Pois      0%         N/A       100%        6
 Iron Shot                Conj/Erth      0%         9d1       100%        6
 Plasma Beam              Fire/Air       0%         2x1d11    100%        6
 Simulacrum               Ice/Necr       0%         N/A       100%        6
 Starburst                Conj/Fire      0%         6d3       100%        6
 Statue Form              Tmut/Erth      0%         N/A       100%        6
 Summon Cactus Giant      Summ           0%         N/A       100%        6
 Dragon Form              Tmut           0%         N/A       100%        7
 Enfeeble                 Hex            0%         N/A       100%        7
 Monstrous Menagerie      Summ           0%         N/A       100%        7
 Orb of Destruction       Conj           0%         9d5       100%        7
 Ozocubu's Refrigeration  Ice            0%         4d7       100%        7
 Spellforged Servitor     Conj/Summ      0%         N/A       100%        7
 Summon Hydra             Summ           0%         N/A       100%        7
 Ignition                 Fire           0%         3d3       100%        8
 Dragon's Call            Summ           0%         N/A       100%        9
 Polar Vortex             Ice            0%         N/A       100%        9
 Swiftness                Air            Unusable   N/A       N/A         3
 Vhi's Electric Charge    Tloc/Air       Unusable   N/A       N/A         3

Dungeon Overview and Level Annotations

Branches:
Dungeon (15/15)            Temple (1/1) D:6            Lair (5/5) D:10
  Swamp (4/4) Lair:2       Spider (4/4) Lair:3        Slime (0/5) Lair:4
    Orc (2/2) D:12            Elf (0/3) Orc:2        Vaults (5/5) D:13
  Crypt (0/3) Vaults:3     Depths (4/4) D:15            Zot (5/5) Depths:4
  Sewer (visited)          Bailey (visited)           IceCv (visited)

Altars:
Ashenzari
Cheibriados
Dithmenos
Elyvilon
Fedhas
Gozag
Hepliaklqana
Kikubaaqudgha
Makhleb
Nemelex Xobeh
Okawaru
Qazlal
Ru
Sif Muna
Trog
Uskayaw
Vehumet
Wu Jian
Xom
Yredelemnul
Zin
The Shining One
Jiyva

Shops:
D:8 (   D:11 *[?[?   D:13 :   Orc:1 *   Orc:2 ?([=   Vaults:1 ?*   Depths:3 ==:

Portals:
Hell: Lair:5 Depths:1 Depths:2 Depths:3 Depths:4
Abyss: Depths:3
Pandemonium: Depths:2 Depths:4
Ziggurat: Depths:2

Annotations:
Lair:3 1 runed translucent door, sircluck's ghost, journeyman MiFi
Swamp:3 2 transporters, mandoloar's ghost, adept OpTm


Innate Abilities, Weirdness & Mutations

You are a tree.
Your roots penetrate the ground, keeping you stationary.
You cannot be teleported.
You are immune to unholy pain and torment.
Your maximum health is greatly increased.
Your equipment is partially melded.
You cannot be hasted, slowed, berserked, paralysed or teleported.
You can dig through walls and to a lower floor.
((You have a pair of large antennae on your head. (SInv)))
Your four strong arms can wield two-handed weapons with a shield.
Your magical capacity is low. (-10% MP)
You occasionally shout uncontrollably at your foes.
You are very weak. (Str -4)
You occasionally lose the ability to read scrolls when taking damage.


Message History

The yellow draconian annihilator gestures wildly while chanting.
The yellow draconian annihilator blinks!
The red draconian rages.
The purple draconian shifter mumbles some strange words.
The purple draconian shifter blinks!
You block the reaper's attack.
Something touches you but does no damage.
The green death hits you but does no damage.
Something touches you but does no damage.
The Orb Guardian is engulfed in a thunderstorm.
You kill the Orb Guardian!
Qazlal accepts your kill.
You feel much better.
The orb of fire emits a lurid red light.
The bolt of fire hits you! You resist.
* * * LOW HITPOINT WARNING * * *
Something touches you!
* * * LOW HITPOINT WARNING * * *
You feel drained.
* * * LOW HITPOINT WARNING * * *
The golden dragon is engulfed in blazing flames.
The yellow draconian annihilator gestures wildly while chanting.
The yellow draconian annihilator blinks!
You block the reaper's attack.
Something touches you but does no damage.
The moth of wrath goads the yellow draconian on!
The yellow draconian goes berserk!
The green death hits you but does no damage.
The Killer Klown blinks!
Something touches you but does no damage.
Magic courses through your body.
You start to feel less resistant.
You hear some strange, mumbled words.
A bolt of acid appears from out of thin air!
The bolt of acid hits you!!! You resist.
* * * LOW HITPOINT WARNING * * *
The orb of fire glows deep purple.
The bolt of fire hits you!! You resist.
Your resistance to electricity fades away.
You feel protected from fire.
You die...

9...,,*##.........X.....#**,^,^,,
y...,,* ##.............#* *,,,,,,
....,,* #.............# *,,,,,,
....,,* ##..≈.≈......## *,,,,,,
....,,* #.L...d..9..# *,,,,,,
,,,,,,* ##..yq.zd.p..## *,,,,,,
,,,,,** #....ddX2d....# **,,,,,
,,,,** *#....9*{{2≈...#* **,,,,
,,,** #.....XD♣2D..^..# **,,,
**** ########§########▓▓▓▓####
#.....°°..# ##..⌠##....
###.........###.....##...
#####...[........#.......##..
##.#......##.##.......#....### #
##...[).))..###....#..##.....##
###....<[)#...###...###.####....#
.##)..[.#####.#.....#...)..##...#


You could see an orb of fire (magic disrupted), a Killer Klown, 2 electric
golems, a tentacled monstrosity (summoned), a golden dragon, a dread lich, a
storm dragon, a yellow draconian (summoned, berserk), 2 draconians, a red
draconian (berserk), a white draconian (summoned), a purple draconian shifter
(summoned), a death cob (summoned), an Orb Guardian, a reaper (summoned), a
green death (summoned), a shadow demon (summoned) and a moth of wrath.

Vanquished Creatures
  Tiamat (Zot:3)
  3 dread liches
  5 ancient liches
  Mara (Depths:3)
  4 orbs of fire
  Parghit (Zot:3)
  Boris (Depths:3)
  3 Killer Klowns
  Xtahua (Depths:3)
  A caustic shrike (shapeshifter) (Vaults:4)
  13 golden dragons
  the Enchantress (Depths:3)
  Arachne (Spider:4)
  6 electric golems
  2 liches
  16 tentacled monstrosities
  Rupert (Lair:5)
  5 titans
  24 Orb Guardians
  10 quicksilver dragons
  The ghost of Palms the Cryomancer, an adept MfIE of Hepliaklqana (Orc:2)
  6 death cobs
  5 sphinxes
  2 tentacled starspawn (Abyss:3)
  3 thorn hunters
  12 storm dragons
  8 tengu reavers
  9 shadow dragons
  Kirke (Spider:3)
  Agnes (D:15)
  Roxanne (Spider:4)
  8 draconian monks
  5 draconian knights
  3 fenstrider witches
  The ghost of sircluck the Severer, a journeyman MiFi of Cheibriados (Swamp:2)
  5 emperor scorpions
  A deep elf sorcerer (Vaults:5)
  2 balrugs (Depths:2)
  3 fire giants (Depths:3)
  2 angels (Depths:3)
  7 draconian scorchers
  19 vault wardens
  14 frost giants
  Louise (Spider:4)
  7 draconian annihilators
  5 draconian stormcallers
  12 ghost moths
  6 spriggan defenders
  9 draconian shifters
  The ghost of backslashecho the Devastator, an adept GrEE of Vehumet (Swamp:2)
  2 ghouls
  An ophan (Abyss:3)
  19 very ugly things
  A war gargoyle (Vaults:5)
  19 ironbound preservers
  2 broodmothers (Spider:1)
  16 stone giants
  15 green draconians
  9 ironbound thunderhulks
  15 white draconians
  Azrael (D:12)
  6 eleionomae
  5 bunyips
  24 black draconians
  10 dire elephants
  33 purple draconians
  A deep elf demonologist (Vaults:5)
  7 spark wasps
  17 red draconians
  15 yellow draconians
  A deep elf death mage (Vaults:3)
  12 ettins
  A crystal guardian (Vaults:3)
  Josephine (Lair:5)
  4 shambling mangroves
  The ghost of Hily the Summoner, a journeyman FeSu of Gozag (Swamp:2)
  2 merfolk javelineers (Depths:3)
  7 fire dragons
  9 yaktaur captains
  6 entropy weavers
  3 deep elf high priests (Vaults:5)
  Fannar (D:11)
  4 rakshasas
  An entropy weaver (shapeshifter) (Abyss:3)
  A peacekeeper (Vaults:3)
  2 hell beasts (Depths:2)
  4 ice dragons
  7 great orbs of eyes
  A hydra (shapeshifter) (Vaults:2)
  19 hydras
  A catoblepas (Lair:5)
  5 centaur warriors
  6 ghost crabs
  35 vault guards
  7 ogre magi
  6 spriggan air magi
  A radroach (Spider:1)
  A jorogumo (Spider:2)
  17 ironbound frosthearts
  A two-headed ogre (shapeshifter) (Vaults:5)
  25 two-headed ogres
  6 boulder beetles
  2 alligators
  8 death yaks
  7 tengu warriors
  4 deep troll shamans
  2 thrashing horrors (Abyss:3)
  5 dancing weapons
  2 shock serpents (Zot:4)
  3 hell hogs (Depths:2)
  8 deep troll earth magi
  7 sun demons
  Sonja (Lair:1)
  9 hell knights
  A skeletal warrior (Vaults:3)
  12 spriggan berserkers
  20 spriggans
  3 soul eaters
  4 sun moths
  A skyshark (Lair:4)
  8 iron trolls
  A salamander mystic (Depths:2)
  3 cherubim
  3 sixfirhies (Zot:4)
  2 shadow wraiths (Depths:3)
  2 flayed ghosts
  2 goliath frogs
  9 pharaoh ants
  Lodul (D:10)
  2 death drakes
  9 bog bodies
  A deep elf archer (D:13)
  11 orb spiders
  4 glowing orange brains
  4 spriggan druids
  An obsidian statue (D:9)
  A shadow dragon zombie (Vaults:1)
  13 swamp dragons
  69 deep trolls
  21 ironbound convokers
  A steelbarb worm (Spider:3)
  8 orc knights
  5 necromancers
  8 wizards
  5 harpies
  An orange crystal statue (Depths:1)
  32 ugly things
  15 lindwurms
  10 phantasmal warriors
  A deep elf zephyrmancer (D:13)
  2 deep elf pyromancers
  2 orc sorcerers
  31 moths of wrath
  A manticore (shapeshifter) (D:15)
  18 wolf spiders
  A worldbinder (Abyss:3)
  3 cyclopes
  3 will-o-the-wisps
  3 salamanders (Depths:2)
  Maurice (D:10)
  3 black mambas
  3 manticores (D:13)
  2 smoke demons
  20 elephants
  3 gargoyles
  15 vault sentinels
  6 torpor snails
  2 ice statues (IceCv)
  5 demonic crawlers
  2 orange demons (Lair:5)
  A human skeleton (Vaults:1)
  11 cane toads
  An unseen horror (shapeshifter) (Vaults:5)
  8 rime drakes
  A yaktaur zombie (Vaults:1)
  15 komodo dragons
  A yaktaur (shapeshifter) (Abyss:3)
  3 tengu conjurers (Depths:1)
  An ice devil (Abyss:3)
  3 kobold demonologists
  6 ancient zymes (Abyss:3)
  2 freezing wraiths
  19 yaktaurs
  A polar bear (Lair:1)
  A merfolk (shapeshifter) (Vaults:5)
  3 red devils (Lair:5)
  A bloated husk (Swamp:2)
  6 trolls
  A large abomination (Abyss:3)
  6 raiju
  Prince Ribbit (Bailey)
  28 hornets
  A tengu simulacrum (Vaults:1)
  14 tyrant leeches
  A snapping turtle (shapeshifter) (Vaults:4)
  29 tarantellas
  21 blink frogs
  A culicivora (shapeshifter) (Vaults:5)
  17 jumping spiders
  37 slime creatures
  2 shadows
  16 culicivoras
  A flying skull (Abyss:3)
  A vampire (D:14)
  11 water elementals
  2 wyverns
  A dire elephant simulacrum (IceCv)
  10 wraiths
  A ynoxinul (Abyss:3)
  2 fire elementals (D:12)
  48 yaks
  Eustachio (D:6)
  3 steam dragons
  2 basilisks
  2 hogs (Spider:3)
  6 humans
  71 redbacks
  2 death yak simulacra
  A neqoxec (Abyss:3)
  12 vampire mosquitoes
  2 acid dragons
  3 wargs (Orc:1)
  15 swamp worms
  A water moccasin (shapeshifter) (Vaults:4)
  17 water moccasins
  6 hell hounds
  A floating eye (Depths:2)
  3 ice beasts
  2 black bears
  18 orc warriors
  11 swamp drakes
  43 ogres
  9 centaurs
  A human zombie (Vaults:1)
  5 kobold brigands
  24 bullfrogs
  A gnoll sergeant (D:8)
  A scorpion (D:4)
  A cane toad simulacrum (Lair:5)
  5 wights (D:7)
  9 small abominations (Abyss:3)
  19 killer bees
  2 elephant simulacra (Lair:5)
  9 howler monkeys
  7 electric eels
  A quasit (Abyss:3)
  2 hounds
  5 jellies
  16 orc priests
  3 sleepcaps
  13 starcursed masses (Abyss:3)
  Ijyb (D:4)
  18 orc wizards
  5 lightning spires (Zot:4)
  7 hell rats (Lair:3)
  A polar bear simulacrum (IceCv)
  2 wolf simulacra (IceCv)
  11 gnolls
  5 adders
  4 river rats (Sewer)
  A white imp (Abyss:3)
  2 ufetubi
  2 worms
  5 dart slugs
  72 orcs
  12 ball pythons
  6 endoplasms
  2 giant cockroaches
  12 goblins
  8 hobgoblins
  7 jackals
  9 quokkas
  4 bats
  9 frilled lizards
  19 kobolds
  13 rats
  16 briar patches
  A lurking horror (Abyss:3)
  A starspawn tentacle (Abyss:3)
2100 creatures vanquished.

Vanquished Creatures (collateral kills)
  A tentacled monstrosity (Depths:4)
  A titan (Vaults:5)
  3 ironbound preservers (Vaults:1)
  An eleionoma (Swamp:4)
  A spark wasp (Spider:4)
  An ettin (Depths:4)
  A vault guard (Vaults:5)
  A hydra (Swamp:4)
  4 merfolk avatars (Swamp:2)
  A deep troll earth mage (Depths:4)
  2 deep trolls
  2 ironbound convokers (Vaults:1)
  A swamp dragon (Swamp:4)
  2 wolf spiders (Spider:4)
  An ugly thing (IceCv)
  A freezing wraith (Vaults:4)
  A jumping spider (Spider:4)
  A culicivora (Spider:4)
  4 redbacks (Spider:4)
  A water moccasin (Lair:3)
31 creatures vanquished.

Vanquished Creatures (others)
  A tentacled monstrosity (Zot:1)
  A draconian monk (Zot:4)
  A draconian knight (Zot:1)
  A vault warden (Vaults:5)
  A draconian shifter (Zot:4)
  A draconian stormcaller (Zot:1)
  A very ugly thing (Vaults:5)
  A war gargoyle (Vaults:5)
  A deep elf annihilator (Vaults:5)
  A wizard (Lair:5)
  An orc knight (Vaults:5)
  A wolf spider (Spider:4)
  An ugly thing (Abyss:3)
  A tengu conjurer (Depths:1)
  A bloated husk (Swamp:1)
  A tarantella (Spider:4)
  A hornet (Swamp:4)
  A spriggan (Swamp:2)
  A redback (Spider:4)
  An ogre (Vaults:5)
  2 orcs
  5 ball lightnings (Zot:4)
  4 briar patches (Swamp:3)
  10 foxfires
  34 fungi
  84 plants
  2 starspawn tentacles (Abyss:3)
  9 toadstools (Lair:1)
  4 withered plants (Swamp:2)
174 creatures vanquished.

Grand Total: 2305 creatures vanquished

Notes
Turn   | Place    | Note
-------+----------+-------------------------------------------
     0 | D:1      | greasedhog the Formicid Fighter began the quest for the
                  | Orb.
     0 | D:1      | Reached XP level 1. HP: 18/18 MP: 1/1
   124 | D:1      | Reached XP level 2. HP: 23/24 MP: 2/2
   484 | D:1      | Reached XP level 3. HP: 30/30 MP: 3/3
   575 | D:1      | You fall into a shaft and drop 1 floor!
   594 | D:2      | Found a faded altar of an unknown god.
  1118 | D:2      | Reached XP level 4. HP: 37/37 MP: 4/4
  1284 | D:2      | Reached skill level 4 in Fighting
  1734 | D:2      | Reached XP level 5. HP: 43/43 MP: 5/5
  2122 | D:3      | Reached skill level 5 in Polearms
  2122 | D:3      | Reached XP level 6. HP: 49/49 MP: 6/6
  2143 | D:3      | Identified the +6 dagger of the Wasp {drain, Will+ Str+2}
  2383 | D:4      | Noticed Ijyb
  2400 | D:4      | Killed Ijyb
  2565 | D:4      | Reached skill level 5 in Fighting
  2708 | D:4      | Got the Papyrus of the Fifty Ears
  3019 | D:5      | Entered Level 5 of the Dungeon
  3116 | D:5      | Reached XP level 7. HP: 56/56 MP: 7/7
  3436 | D:5      | Reached XP level 8. HP: 63/63 MP: 8/8
  3732 | D:5      | Found a radiant altar of Vehumet.
  3896 | D:6      | Found a snail-covered altar of Cheibriados.
  3898 | D:6      | Found a sparkling altar of Nemelex Xobeh.
  3946 | D:6      | Found a glowing drain.
  3967 | Sewer    | Entered a sewer
  4086 | Sewer    | Reached skill level 5 in Armour
  4753 | D:6      | Found a staircase to the Ecumenical Temple.
  4763 | D:6      | Noticed Eustachio
  4771 | Temple   | Entered the Ecumenical Temple
  5068 | Temple   | Became a worshipper of Qazlal Stormbringer
  5158 | D:6      | Killed Eustachio
  5159 | D:6      | Reached skill level 5 in Shields
  5192 | D:6      | Reached XP level 9. HP: 64/69 MP: 9/9
  5468 | D:6      | Reached skill level 6 in Fighting
  5796 | D:7      | Reached * piety under Qazlal
  5797 | D:7      | Reached skill level 10 in Polearms
  5856 | D:7      | Reached skill level 7 in Fighting
  6613 | D:8      | Found Affoh's Weapon Emporium.
  6692 | D:8      | Reached XP level 10. HP: 78/79 MP: 10/10
  6983 | D:8      | Noticed an angel
  6984 | D:8      | Found a glowing silver altar of Zin.
  7430 | D:9      | Reached skill level 8 in Fighting
  7626 | D:9      | Noticed a two-headed ogre
  7634 | D:9      | Killed a two-headed ogre
  7688 | D:9      | Noticed a two-headed ogre
  7704 | D:9      | Killed a two-headed ogre
  7705 | D:9      | Reached skill level 9 in Fighting
  7753 | D:9      | Reached ** piety under Qazlal
  7765 | D:9      | Reached XP level 11. HP: 58/89 MP: 11/11
  7819 | D:9      | Noticed an obsidian statue
  8429 | D:10     | Entered Level 10 of the Dungeon
  8546 | D:10     | Found a staircase to the Lair.
  8550 | D:10     | Found a flagged portal.
  8580 | Bailey   | Entered a bailey
  8639 | Bailey   | Reached skill level 10 in Fighting
  8870 | Bailey   | Noticed a vault guard
  8870 | Bailey   | Noticed Prince Ribbit
  8877 | Bailey   | Killed a vault guard
  8888 | Bailey   | Killed Prince Ribbit
  8924 | Bailey   | Noticed a vault guard
  8944 | Bailey   | Killed a vault guard
  9024 | Bailey   | Reached *** piety under Qazlal
  9056 | D:10     | Found a shimmering blue altar of Sif Muna.
  9478 | D:10     | Reached XP level 12. HP: 78/98 MP: 12/12
  9649 | D:10     | Noticed Lodul
  9650 | D:10     | Noticed Maurice
  9689 | D:10     | Reached skill level 15 in Polearms
  9714 | D:10     | Killed Lodul
  9740 | D:10     | Killed Maurice
  9780 | D:10     | Reached **** piety under Qazlal
  9965 | Lair:1   | Entered Level 1 of the Lair of Beasts
  9966 | Lair:1   | Noticed Sonja
 10037 | Lair:1   | Killed Sonja
 10162 | Lair:1   | Reached skill level 1 in Invocations
 10285 | Lair:1   | Noticed a death yak
 10293 | Lair:1   | Noticed a death yak
 10325 | Lair:1   | Killed a death yak
 10328 | Lair:1   | Killed a death yak
 10351 | D:10     | Reached skill level 5 in Invocations
 10460 | Lair:1   | Got Yxuin's Teachings on Breezy Conflagration
 10524 | Lair:1   | Noticed an eight-headed hydra
 10579 | Lair:1   | Killed an eight-headed hydra
 10580 | Lair:1   | Reached XP level 13. HP: 83/104 MP: 15/17
 10724 | Lair:1   | Noticed a dire elephant
 10724 | Lair:1   | Noticed a dire elephant
 10744 | Lair:1   | Found a runed translucent door.
 11374 | Lair:2   | Reached skill level 10 in Armour
 11410 | Lair:2   | Found a staircase to the Swamp.
 11764 | Lair:2   | Noticed a seven-headed hydra
 11777 | Lair:2   | Killed a seven-headed hydra
 11866 | Lair:2   | Reached skill level 10 in Invocations
 12285 | Lair:3   | Found a runed translucent door.
 12290 | Lair:3   | Noticed sircluck's ghost (journeyman MiFi)
 12328 | Lair:3   | Reached skill level 11 in Fighting
 12552 | Lair:3   | Noticed an eight-headed hydra
 12564 | Lair:3   | Killed an eight-headed hydra
 12781 | Lair:3   | Reached skill level 12 in Fighting
 12821 | Lair:3   | Reached XP level 14. HP: 105/115 MP: 21/21
 13117 | Lair:3   | Found a hole to the Spider Nest.
 14203 | Lair:4   | Reached skill level 13 in Fighting
 14249 | Lair:4   | Identified the +0 tower shield of Divine Compulsion
                  | {Regen+}
 14308 | Lair:4   | Reached ***** piety under Qazlal
 14368 | Lair:4   | Found a viscous altar of Jiyva.
 14368 | Lair:4   | Found a staircase to the Slime Pits.
 14584 | Lair:4   | Reached skill level 14 in Fighting
 14867 | Lair:5   | Entered Level 5 of the Lair of Beasts
 15007 | Lair:5   | Noticed Josephine
 15037 | Lair:5   | Killed Josephine
 15038 | Lair:5   | Reached skill level 10 in Shields
 15315 | Lair:5   | Reached skill level 15 in Fighting
 15380 | Lair:5   | Reached XP level 15. HP: 129/129 MP: 22/22
 15392 | Lair:5   | Found a frozen archway.
 15412 | IceCv    | Entered an ice cave
 15431 | IceCv    | Found a transporter.
 15438 | IceCv    | Got Tiev's Incunabulum of Shifting Anemomancy
 15449 | IceCv    | Found a transporter.
 15628 | Lair:5   | Noticed Rupert
 15644 | Lair:5   | Killed Rupert
 15925 | Lair:5   | Found a burning altar of Makhleb.
 15930 | Lair:5   | Found a gateway to Hell.
 16608 | Lair:1   | Identified the ring of the Bull {rN+ Str+3}
 16756 | D:11     | Found Ifun's Assorted Antiques.
 16761 | D:11     | Bought a bound turquoise ring for 160 gold pieces
 16761 | D:11     | Identified the ring of Ezales {rF+ MP+9 Str-4 Dex+6} (You
                  | bought it in a shop on level 11 of the Dungeon)
 16817 | D:11     | Noticed Fannar
 16828 | D:11     | Killed Fannar
 16905 | D:11     | Found Hawir's Magic Scroll Shoppe.
 16911 | D:11     | Bought a scroll of identify for 24 gold pieces
 16911 | D:11     | Bought a scroll of identify for 24 gold pieces
 16911 | D:11     | Bought a scroll of poison for 48 gold pieces
 16911 | D:11     | Bought 2 scrolls of identify for 48 gold pieces
 17001 | D:11     | Found Lirommof's Magic Scroll Boutique.
 17004 | D:11     | Bought a scroll of enchant weapon for 120 gold pieces
 17004 | D:11     | Bought a scroll of enchant weapon for 120 gold pieces
 17004 | D:11     | Bought a scroll of identify for 32 gold pieces
 17004 | D:11     | Bought a scroll of identify for 32 gold pieces
 17031 | D:11     | Found Hicwaso's Antique Armour Shoppe.
 17038 | D:11     | Bought an encrusted plate armour for 784 gold pieces
 17038 | D:11     | Identified the +9 plate armour of Puto {rF++ Regen+ Dex+2}
                  | (You bought it in a shop on level 11 of the Dungeon)
 17319 | D:11     | Found Gulelyul's Armour Emporium.
 17843 | D:12     | Noticed Azrael
 17852 | D:12     | Killed Azrael
 17910 | D:12     | Found a staircase to the Orcish Mines.
 18125 | D:12     | Identified the +1 robe "Tekiyrch" {Fly rPois rF+++ Str-2}
 18252 | D:12     | Reached ****** piety under Qazlal
 18623 | D:13     | Reached skill level 15 in Shields
 18673 | D:13     | Reached XP level 16. HP: 136/136 MP: 23/23
 18708 | D:13     | Found a gate to the Vaults.
 18730 | D:13     | Found Zugixab's Book Shoppe.
 20155 | D:15     | Entered Level 15 of the Dungeon
 20198 | D:15     | Noticed Agnes
 20208 | D:15     | Killed Agnes
 20357 | D:15     | Found a white marble altar of Elyvilon.
 20534 | D:15     | Identified the staff of cold "Yttefeir" {rPois rC+}
 20567 | D:15     | Found a staircase to the Depths.
 20975 | Orc:1    | Entered Level 1 of the Orcish Mines
 20975 | Orc:1    | Found Reqigev's Retail Resort.
 21115 | Orc:2    | Entered Level 2 of the Orcish Mines
 21221 | Orc:2    | Found a staircase to the Elven Halls.
 21292 | Orc:2    | Found a runed translucent gate.
 21293 | Orc:2    | Found a runed translucent gate.
 21295 | Orc:2    | Found a runed translucent gate.
 21298 | Orc:2    | Noticed Palms's ghost (adept MfIE)
 21574 | Orc:2    | Found Billo's Antique Weapon Shop.
 21574 | Orc:2    | Found Ustocvof's Magic Scroll Emporium.
 21575 | Orc:2    | Found Opeguping's Jewellery Shoppe.
 21575 | Orc:2    | Found Ywerhep's Antique Armour Shop.
 21583 | Orc:2    | Bought a scroll of identify for 26 gold pieces
 21583 | Orc:2    | Bought a scroll of identify for 26 gold pieces
 21583 | Orc:2    | Bought a scroll of identify for 26 gold pieces
 21593 | Orc:2    | Bought a pair of embroidered gloves for 240 gold pieces
 21710 | Orc:2    | Killed Palms's ghost
 22052 | Orc:1    | Found the +16 obsidian axe {drain, demonic, Mesm Drain Fly
                  | SInv}
 22084 | Orc:1    | You fall into a shaft and drop 1 floor!
 22406 | Swamp:1  | Entered Level 1 of the Swamp
 22424 | Swamp:1  | Reached XP level 17. HP: 108/142 MP: 27/27
 23406 | Swamp:2  | Reached skill level 15 in Invocations
 23929 | Swamp:2  | Found a runed translucent gate.
 23929 | Swamp:2  | Found a runed translucent gate.
 23929 | Swamp:2  | Found a runed translucent gate.
 23932 | Swamp:2  | Noticed Hily's ghost (journeyman FeSu)
 23937 | Swamp:2  | Noticed backslashecho's ghost (adept GrEE)
 23937 | Swamp:2  | Noticed sircluck's ghost (journeyman MiFi)
 24410 | Swamp:3  | Reached skill level 15 in Armour
 24731 | Swamp:3  | Noticed a thorn hunter
 24762 | Swamp:3  | Killed a thorn hunter
 24983 | Swamp:3  | Found a transporter.
 24997 | Swamp:3  | Noticed mandoloar's ghost (adept OpTm)
 24999 | Swamp:3  | Found a bloodstained altar of Trog.
 25005 | Swamp:3  | Identified the staff of fire "Oregioph" {rElec rF+ rC-
                  | Str+4}
 25006 | Swamp:3  | Found a transporter.
 25245 | Swamp:4  | Entered Level 4 of the Swamp
 25255 | Swamp:4  | Noticed a thorn hunter
 25257 | Swamp:4  | Killed a thorn hunter
 25263 | Swamp:4  | Reached XP level 18. HP: 34/149 MP: 1/30
 26293 | Swamp:4  | Identified the +7 long sword of the Silent Majority {flame,
                  | rC+ Will+ Str-5 Int+3}
 26297 | Swamp:4  | Got a decaying rune of Zot
 26712 | Spider:1 | Entered Level 1 of the Spider Nest
 27617 | Spider:1 | Reached skill level 16 in Fighting
 27998 | Spider:1 | Reached XP level 19. HP: 157/157 MP: 32/32
 30231 | Spider:4 | Entered Level 4 of the Spider Nest
 30235 | Spider:4 | Noticed Kirke
 30442 | Spider:4 | Noticed Arachne
 30453 | Spider:3 | Killed Kirke
 30533 | Spider:4 | Reached skill level 17 in Fighting
 30539 | Spider:4 | Killed Arachne
 30680 | Spider:4 | Identified Roxanne's Guidebook on the Geologist
 30680 | Spider:4 | Noticed Roxanne
 30873 | Spider:4 | Killed Roxanne
 31218 | Spider:4 | Noticed Louise
 31279 | Abyss:3  | Found a corrupted altar of Lugonu.
 31279 | Abyss:3  | Cast into level 3 of the Abyss (Louise)
 31374 | Abyss:3  | Reached XP level 20. HP: 157/169 MP: 25/33
 31626 | Spider:4 | Escaped the Abyss
 31654 | Spider:4 | Killed Louise
 31778 | Spider:4 | Got a gossamer rune of Zot
 32090 | Vaults:1 | Entered Level 1 of the Vaults
 32125 | Vaults:1 | Reached skill level 18 in Fighting
 32190 | Vaults:1 | Found Tuxoxorr's Magic Scroll Emporium.
 32199 | Vaults:1 | Bought a scroll of enchant armour for 142 gold pieces
 32199 | Vaults:1 | Bought a scroll of fear for 76 gold pieces
 32684 | Vaults:1 | Reached skill level 19 in Fighting
 33249 | Vaults:1 | Identified 2 scrolls of acquirement
 33587 | Vaults:1 | Found Lushraing's General Store.
 33691 | Vaults:2 | Reached XP level 21. HP: 181/181 MP: 34/34
 33820 | Vaults:2 | Reached skill level 20 in Fighting
 34027 | Vaults:2 | Identified the +0 pair of boots of Marbles {Int+3}
 34452 | Vaults:2 | Reached skill level 21 in Fighting
 35343 | Vaults:3 | Found a staircase to the Crypt.
 35663 | Vaults:3 | Reached XP level 22. HP: 195/195 MP: 35/35
 36118 | Vaults:3 | Reached skill level 22 in Fighting
 36596 | Vaults:4 | Identified the +0 ring mail "Boymalel" {Slay+3}
 36918 | Vaults:4 | Acquired 1071 gold pieces
 36920 | Vaults:4 | Acquired the amulet of Tepne {Reflect rPois rC- Dex+6 SH+5}
 37166 | Vaults:4 | Identified the +0 arbalest "Demonbane" {flame, rN+ Str+5
                  | Stlth+}
 37835 | Depths:1 | Entered Level 1 of the Depths
 37881 | D:15     | Reached skill level 23 in Fighting
 38359 | Depths:1 | Acquired a +2 heavy bardiche
 38668 | Swamp:2  | Killed backslashecho's ghost
 38675 | Swamp:2  | Killed Hily's ghost
 38681 | Swamp:2  | Killed sircluck's ghost
 38682 | Swamp:2  | Reached XP level 23. HP: 196/207 MP: 36/36
 38689 | Swamp:2  | Identified the +2 ring mail of the Bespelled God {Rampage
                  | rPois}
 39081 | Depths:1 | Found an ancient bone altar of Kikubaaqudgha.
 39582 | Depths:1 | Reached skill level 24 in Fighting
 39615 | Depths:2 | Found a one-way gate leading to the halls of Pandemonium.
 39626 | Depths:2 | Identified the +1 halberd "Jaemupsu" {flame, rN+ Int+3}
 39960 | Depths:2 | Found a one-way gateway to a ziggurat.
 40549 | Depths:3 | Found a one-way gate to the infinite horrors of the Abyss.
 40636 | Depths:3 | Noticed Mara
 40639 | Depths:3 | Noticed greasedhog's illusion
 40640 | Depths:3 | Noticed Xtahua
 40644 | Depths:3 | Killed Xtahua
 40651 | Depths:3 | Killed Mara
 40652 | Depths:3 | Reached skill level 25 in Fighting
 40680 | Depths:3 | Noticed a golden dragon
 40693 | Depths:3 | Killed a golden dragon
 40716 | Depths:3 | Reached XP level 24. HP: 62/220 MP: 20/36
 40910 | Depths:3 | Noticed Boris
 40920 | Depths:3 | Killed Boris
 41001 | Depths:3 | Identified the +6 falchion "Arore" {elec, rElec rC- Dex+3
                  | Stlth+}
 41062 | Depths:3 | Found Huj Kiph's Jewellery Boutique.
 41063 | Depths:3 | Found Oqueghig's Book Shoppe.
 41064 | Depths:3 | Found Reddiv's Jewellery Boutique.
 41070 | Depths:3 | Bought the ring of Paranoia {Fly rC+} for 346 gold pieces
 41078 | Depths:3 | Bought the ring of Midsummer {rElec rPois rC+ rCorr Stlth+}
                  | for 877 gold pieces
 41105 | Depths:3 | Found a sparkling altar of Nemelex Xobeh.
 41175 | Depths:2 | Found a hide-covered altar of Uskayaw.
 41822 | Depths:3 | Identified the +3 sling "Fagour" {flame, Dex+4}
 41826 | Depths:4 | Entered Level 4 of the Depths
 41826 | Depths:4 | Noticed a golden dragon
 41889 | Depths:4 | Noticed the Enchantress
 42540 | Depths:3 | Killed the Enchantress
 42563 | Depths:4 | Found a shimmering altar of Xom.
 42569 | Depths:4 | Found a shimmering altar of Xom.
 42569 | Depths:4 | Found a shimmering altar of Xom.
 42569 | Depths:4 | Found a shimmering altar of Xom.
 42571 | Depths:4 | Found a shimmering altar of Xom.
 42589 | Depths:4 | Killed a golden dragon
 42711 | Depths:4 | Found a gate to the Realm of Zot.
 43402 | Vaults:5 | Entered Level 5 of the Vaults
 43405 | Vaults:5 | Noticed a golden dragon
 43406 | Vaults:5 | Noticed an ancient lich
 43415 | Vaults:4 | Killed an ancient lich
 43468 | Vaults:4 | Reached skill level 26 in Fighting
 43595 | Vaults:4 | Reached XP level 25. HP: 160/230 MP: 36/36
 43654 | Vaults:5 | Noticed a dread lich
 43657 | Vaults:5 | Noticed a dread lich
 43793 | Vaults:5 | Killed a dread lich
 43794 | Vaults:5 | Killed a dread lich
 44312 | Vaults:5 | Noticed a caustic shrike
 44324 | Vaults:4 | Killed a caustic shrike
 44542 | Vaults:5 | Noticed an ancient lich
 44611 | Vaults:5 | Killed an ancient lich
 44718 | Vaults:5 | Got a silver rune of Zot
 44737 | Vaults:5 | Identified the +2 robe "Juseleso" {Will- rCorr Int+5 SInv
                  | Stlth-}
 44741 | Vaults:5 | Found the +8 autumn katana {manifold assault}
 44746 | Vaults:5 | Identified the staff of death "Jatwiar" {*Slow rN+ Str+6
                  | SInv Stlth-}
 44747 | Vaults:5 | Identified the +4 spear of Slime {heavy, Str+4 Dex+3}
 44764 | Vaults:5 | Identified the ring "Ehuecw Udio" {Fire Contam Fly rPois
                  | Str+5}
 44796 | Vaults:5 | Identified the amulet "Jutun" {Spirit rElec Will+ Str+3
                  | Int+3}
 44798 | Vaults:5 | Identified the +3 buckler of Vexation {Str+3}
 45032 | Vaults:5 | Identified the +1 cloak of Reason {*Corrode rPois rC+
                  | Slay+4}
 45224 | Vaults:5 | Reached skill level 27 in Fighting
 45413 | Vaults:5 | Identified the +3 chain mail of Rochyegu {rC- rCorr MP+9}
 45515 | Vaults:5 | Identified the ring "Derreck" {Fly rPois rCorr Dex+3
                  | Slay+6}
 45526 | Vaults:5 | Identified the +9 plate armour "Ugioppotz" {rCorr Int+3
                  | Dex+4}
 45943 | Zot:1    | Entered Level 1 of the Realm of Zot
 45959 | Zot:1    | Reached XP level 26. HP: 216/242 MP: 36/36
 46923 | Zot:1    | Noticed an orb of fire
 46945 | Zot:1    | Killed an orb of fire
 47568 | Zot:2    | You are sucked into a shaft and drop 1 floor!
 47582 | Zot:3    | Noticed Parghit
 47617 | Zot:2    | Noticed an orb of fire
 47625 | Zot:2    | Gained mutation: You are weak. (Str -2) [an orb of fire]
 47632 | Zot:2    | Killed an orb of fire
 48552 | Zot:3    | Found the +4 dragonskin cloak
 48552 | Zot:3    | Noticed Tiamat
 48785 | Zot:3    | Noticed a Killer Klown
 48796 | Zot:3    | Killed a Killer Klown
 48797 | Zot:3    | Reached XP level 27. HP: 239/249 MP: 37/37
 48850 | Zot:3    | Noticed a Killer Klown
 48854 | Zot:3    | Killed a Killer Klown
 48929 | Zot:3    | Killed Parghit
 49172 | Zot:3    | Killed Tiamat
 50332 | Zot:3    | Identified the +5 ring mail "Ishihubb" {rF++ rN+++ Str-5
                  | Int-3}
 50364 | Zot:4    | Noticed an orb of fire
 50367 | Zot:3    | Acquired the amulet "Saxtaicw" {Spirit Fly rElec rC++
                  | Str+3}
 50436 | Zot:4    | Killed an orb of fire
 51391 | Zot:4    | Upgraded the game from 0.30-a0-1163-gf69bf04e7a to
                  | 0.30-a0-1164-ge08a67761e
 51907 | Zot:5    | Entered Level 5 of the Realm of Zot
 52336 | Zot:5    | Noticed an orb of fire
 52344 | Zot:5    | Noticed a dread lich
 52359 | Zot:5    | Killed an orb of fire
 52370 | Zot:4    | Killed a dread lich
 52492 | Zot:5    | Noticed an ancient lich
 52497 | Zot:5    | Killed an ancient lich
 52537 | Zot:5    | Noticed an ancient lich
 52549 | Zot:5    | Killed an ancient lich
 52604 | Zot:5    | Noticed an ancient lich
 52612 | Zot:5    | Killed an ancient lich
 52832 | Zot:5    | Noticed a Killer Klown
 52852 | Zot:5    | Killed a Killer Klown
 52885 | Zot:5    | Noticed a Killer Klown
 52886 | Zot:5    | Noticed an orb of fire
 52892 | Zot:5    | Noticed a dread lich
 52895 | Zot:5    | Noticed an ancient lich
 52896 | Zot:5    | Gained mutation: You occasionally lose the ability to read
                  | scrolls when taking damage. [an orb of fire]
 52912 | Zot:5    | Gained mutation: You are very weak. (Str -4) [an orb of
                  | fire]
 52916 | Zot:5    | Gained mutation: Your magical capacity is low. (-10% MP)
                  | [an orb of fire]
 52922 | Zot:5    | HP: 8/249 [storm dragon/bolt of lightning (8)]
 52923 | Zot:5    | Gained mutation: You occasionally shout uncontrollably at
                  | your foes. [an orb of fire]
 52923 | Zot:5    | Noticed a dread lich
 52927 | Zot:5    | HP: 16/364 [something/bolt of acid (30)]
 52927 | Zot:5    | Killed from afar by an orb of fire

Illustrated notes

Levels and vault maps discovered:
D:1:      sevenhm_arrival_forest_fort_large_2, layout_basic, chequers_jeans
D:2:      layout_rooms, ebering_ecumenical_altar_rust, fountainhead,
          minmay_misc_feat_room, minmay_indecisive_spiral
D:3:      layout_basic, grunt_decor_mini_mirrors, kennysheep_minor_cross,
          minmay_misc_feat_more_columns
D:4:      layout_loops_ring, corexii_corridor_pit, uniq_ijyb
D:5:      layout_loops_ring, mainiacjoe_overflow_catwalk
D:6:      layout_rooms, minitemple, minmay_temple_entry_glassed_door,
          portal_sewer_entry_d, uniq_eustachio
D:7:      layout_rooms
D:8:      layout_gridville, zin_angel, serial_shops,
          nicolae_shop_real_fake_doors
D:9:      layout_loops_ring, minivault_16
D:10:     layout_roguey, kennysheep_little_box, lair_entry_dummy,
          enter_bailey_4, hangedman_decor_lopped, grunt_ministairs_1,
          uniq_maurice, uniq_lodul
D:11:     layout_basic, serial_shops, nicolae_diamond_shop, shop,
          nicolae_lakefront_shop, nicolae_shop_rolled_up,
          nicolae_shop_hallway_plus, small_statue_intersection, uniq_fannar
D:12:     layout_gridville, minmay_orc_entry_temple_small, uniq_azrael
D:13:     layout_basic, hangedman_vaults_entry_quadrant_bands, serial_shops,
          nicolae_shop_getting_attention
D:14:     layout_basic, nrook_pool_corridor, hellmonk_bongcloud_opening
D:15:     grunt_enter_depths_snipers, layout_rooms, elyvilon_altar_3, uniq_agnes
Temple:   minmay_temple_bridge_d
Lair:1:   gammafunk_lair_enchanted_lake, layout_big_grid, uniq_sonja
Lair:2:   layout_cave_pods, skrybe_swamp_entry_bodies, lemuel_fruit_tree
Lair:3:   layout_cave_pods, hellmonk_spider_entry_life_and_decay,
          ebering_ghost_reflecting_pool, serial_bayou_shore_b
Lair:4:   layout_long_grid, dpeg_slime_entry_enclosed, serial_bayou_lagoon_a,
          grunt_megastairs_3
Lair:5:   evil_forest, layout_small_grid, portal_ice_cave_entry_ice_simulacra,
          chequers_serial_rivers_large_b, serial_bayou_ford_a,
          hibernation_bobbens, uniq_josephine, uniq_rupert
Swamp:1:  layout_basic_swamp, nicolae_swamp_ascending_descending, swamp_pool1,
          nicolae_swamp_drake_lake
Swamp:2:  nzn_winding_woodlands_medium [nzn_winding_woodlands_5x5_cross,
          nzn_winding_woodlands_5x15_river_crossing,
          nzn_winding_woodlands_5x5_default, nzn_winding_woodlands_5x5_default,
          nzn_winding_woodlands_center_triple_pond,
          nzn_winding_woodlands_5x5_default,
          nzn_winding_woodlands_5x5_checkerboard,
          nzn_winding_woodlands_5x15_zeroes,
          nzn_winding_woodlands_5x5_closed_star], layout_basic_swamp,
          gammafunk_ghost_cemetery, evilmike_swamp_ruin_house_5,
          grunt_lady_of_the_lake
Swamp:3:  layout_basic_swamp, gammafunk_ghost_wrathful_warriors,
          infiniplex_staircase_pool_2, swamp_pool4
Swamp:4:  swamp, layout_basic_swamp, swamp_pool3, infiniplex_staircase_pool
Spider:1: layout_spider_delve
Spider:2: layout_chambers, hangedman_spider_tarantella_strand
Spider:3: layout_spider_delve, nicolae_spider_moth_buddies
Spider:4: spider_rune_water, uniq_louise, uniq_roxanne, uniq_arachne, uniq_kirke
Orc:1:    layout_caves, dreamdust_deal_with_the_devil, nicolae_alphabet_shops,
          nicolae_orc_crystal_geode
Orc:2:    st_orc_ogre_mass, layout_diamond_mine, ebering_ghost_rock_garden,
          basic_altar, abandoned_shop, mines2_david
Vaults:1: nicolae_vaults_trapezoid_lopsided_3, nicolae_vaults_trapezoid_3,
          nicolae_vaults_spaceships, nicolae_vaults_offset_grid_hallway_4,
          hangedman_vaults_impose, nicolae_vaults_what_the_h,
          grunt_vaults_twisty, nicolae_vaults_crenellated_ambush,
          nicolae_vaults_heart-shaped_vault, nicolae_vaults_storage_room_doors,
          layout_vaults_quadrants, serial_shops,
          nicolae_shop_pleasant_corner_grove, nicolae_shop_window_shopping
Vaults:2: nicolae_vaults_network_star, vaults_room_door_hall,
          nicolae_vaults_tetromino_L_1, vaults_dpeg_cross,
          nicolae_vaults_surprise_closet, nicolae_vaults_triangles, v_misc_32,
          nicolae_vaults_heist, special_room_vaults [special_room_orc],
          layout_vaults_big_room
Vaults:3: vaults_mumra_hex, nicolae_vaults_minivaults,
          nicolae_vaults_circle_grid_b, vaults_room_boxed, v_alt_pattern_1,
          nicolae_vaults_door_testing_chamber, v_misc_15,
          minmay_crypt_entry_simple_box, v_misc_11, nicolae_vaults_shelves_hall,
          v_alt_pattern_5, nicolae_vaults_frosty_reception,
          nicolae_vaults_tetromino_L_1, layout_vaults_big_cross
Vaults:4: ontoclasm_vaults_ring_square, vaults_standard_mumra_lines,
          nicolae_vaults_shelves_hall, nicolae_vaults_little_squares_5,
          ontoclasm_vaults_bender, nicolae_vaults_storage_closets_3,
          ontoclasm_vaults_ring_square, nicolae_vaults_prndl,
          nicolae_vaults_tetromino_T_2, nicolae_vaults_double_plus_2,
          nicolae_vaults_yaktaur_gun_rack, nicolae_vaults_diamond_2,
          layout_vaults_ring
Vaults:5
Depths:1: layout_basic, pf_hell_entry_tar_spiral, minivault_16,
          nicolae_kikubaaqudgha_miasma_corner, grunt_megastairs_5
Depths:2: regret_index_uskayaw_diablada_macabre, layout_cave_shapes,
          enter_ziggurat_f, hellmouth_3, pan_entry, minivault_14
Depths:3: minmay_haunted_quarter, layout_small_grid, mu_enter_wizlab_2,
          hangedman_geh_valley, abyss_entry, nemelex_lonely_heart_becter,
          minmay_staircase_statues, minmay_shop_grove, grunt_megastairs_4,
          uniq_xtahua, uniq_mara
Depths:4: evilmike_zot_entry_diamond, layout_cross, hell_entry, xom_redecorated,
          pan_entry, uniq_enchantress
Zot:1:    layout_onion_interference
Zot:2:    layout_onion_interference
Zot:3:    cheibrodos_zot_enchanting_chambers, layout_cathedral_of_symmetry,
          skrybe_zot_glass_3, uniq_tiamat, uniq_parghit
Zot:4:    infiniplex_zot_generator, layout_cellular_growth, grunt_ministairs_10
Zot:5:    layout_twisted_circle, grunt_ministairs_8

Skill      XL: |  1  2  3  4  5  6  7  8  9 10 11 12 13 14 15 16 17 18 19 20 21 22 23 24 25 26 27 |
---------------+----------------------------------------------------------------------------------+-----
Polearms       | 3 4 5 7 8 10 12 14 16 17 19 20 22 24 | 24.2
Fighting       | 4 5 7 9 10 12 15 16 17 19 21 23 25 26 27 | 27.0
Armour         | 4 5 6 9 10 12 13 15 16 17 19 20 22 26 | 26.7
Shields        | 5 6 10 15 16 | 16.0
Invocations    | 5 10 14 17 18 20 23 | 23.0

Action                     |  1- 3 |  4- 6 |  7- 9 | 10-12 | 13-15 | 16-18 | 19-21 | 22-24 | 25-27 || total
---------------------------+-------+-------+-------+-------+-------+-------+-------+-------+-------++-------
  Melee: Trident           |   125 |   228 |    37 |     7 |    33 |    96 |       |       |       ||   526
         Halberd           |       |       |   232 |   551 |  1097 |  1045 |       |       |       ||  2925
         Glaive            |       |       |    60 |       |       |   309 |  1450 |   446 |    84 ||  2349
         Bardiche          |       |       |       |       |       |       |       |   554 |   964 ||  1518
  Throw: Dart              |       |       |       |     8 |     3 |     7 |       |       |       ||    18
         Boomerang         |       |       |       |       |       |    13 |     5 |       |     2 ||    20
 Invoke: Elemental Force   |       |       |       |       |     2 |     4 |     3 |     3 |     2 ||    14
         Disaster Area     |       |       |       |       |       |     3 |     3 |    12 |     4 ||    22
Ability: Dig               |       |       |     2 |       |     3 |       |     2 |       |     1 ||     8
  Evoke: Wand              |       |       |     2 |     6 |     6 |     1 |       |     2 |     2 ||    19
    Use: Potion            |     1 |       |       |     4 |     1 |     2 |     5 |    14 |    20 ||    47
         Scroll            |       |     8 |     1 |     2 |     8 |    18 |     2 |    10 |     9 ||    58
   Stab: Distracted        |       |       |     1 |       |       |       |     4 |       |       ||     5
         Paralysed         |       |       |       |       |     2 |     1 |     6 |     1 |       ||    10
         Confused          |       |       |       |       |       |     1 |       |       |       ||     1
         Invisible         |       |       |       |       |       |       |       |     1 |     1 ||     2
 Armour: Scale mail        |    33 |    38 |       |       |       |       |       |       |       ||    71
         Chain mail        |       |    51 |   102 |       |       |       |       |       |       ||   153
         Plate armour      |       |       |    34 |   191 |   167 |   635 |   551 |   499 |   784 ||  2861
         Crystal plate arm |       |       |       |       |   163 |       |       |       |       ||   163
         Swamp dragon scal |       |       |       |       |       |     7 |       |       |       ||     7
         Skin              |       |       |       |       |       |       |       |       |     8 ||     8
  Dodge: Dodged            |    45 |    82 |    75 |   113 |   137 |   219 |   226 |   214 |   309 ||  1420
         Repelled          |       |       |       |       |     4 |    20 |     5 |     2 |    25 ||    56
  Block: Buckler           |    19 |    58 |   117 |   219 |   203 |       |       |       |       ||   616
         Tower shield      |       |       |       |       |   522 |  1591 |  1569 |  1424 |  1594 ||  6700
         Reflection        |       |       |       |       |       |       |       |    30 |    46 ||    76

Table legend: (Time is in decaauts)
 A = Elapsed time spent in this place.
 B = Non-inter-level travel time spent in this place.
 C = Inter-level travel time spent in this place.
 D = Time resting spent in this place.
 E = Time spent auto-exploring this place.
 F = Levels seen in this place.
 G = Mean time per level.
                   A        B        C        D        E       F      G
               +--------+--------+--------+--------+--------+-----+--------+
         Total |  53132 |  48227 |   4905 |   6919 |  26898 |  49 | 1084.3 |
       Dungeon |  13838 |  12079 |   1759 |    907 |   8236 |  15 |  922.5 |
        Temple |    369 |    223 |    146 |      0 |    212 |   1 |  369.0 |
          Lair |   6979 |   6139 |    840 |   1130 |   3275 |   5 | 1395.8 |
         Swamp |   4289 |   3880 |    409 |    592 |   1997 |   4 | 1072.2 |
   Spider Nest |   4739 |   4520 |    219 |    935 |   2117 |   4 | 1184.8 |
  Orcish Mines |   1266 |   1065 |    201 |     19 |    746 |   2 |  633.0 |
        Vaults |   7958 |   7286 |    672 |   1397 |   3864 |   5 | 1591.6 |
        Depths |   4973 |   4519 |    454 |    678 |   2273 |   4 | 1243.2 |
           Zot |   7085 |   6884 |    201 |   1015 |   3539 |   5 | 1417.0 |
         Abyss |    321 |    321 |      0 |     16 |      4 |   1 |  321.0 |
         Sewer |    775 |    775 |      0 |     28 |    546 |   1 |  775.0 |
        Bailey |    447 |    447 |      0 |    200 |     86 |   1 |  447.0 |
      Ice Cave |     89 |     89 |      0 |      0 |      0 |   1 |   89.0 |
               +--------+--------+--------+--------+--------+-----+--------+

Top non-repeatable levels by time:
Vaults:4: 2086 daAuts
Depths:3: 1947 daAuts
   Zot:3: 1933 daAuts
Vaults:1: 1783 daAuts
Vaults:3: 1781 daAuts
   Zot:4: 1639 daAuts
  Lair:1: 1603 daAuts
Spider:1: 1446 daAuts
 Swamp:2: 1431 daAuts
  Lair:3: 1385 daAuts
   Zot:2: 1378 daAuts
   Zot:1: 1377 daAuts
     D:9: 1373 daAuts
  Lair:4: 1372 daAuts
  Lair:2: 1316 daAuts
